 Dungeon Crawl Stone Soup version 0.30-a0-415-g685d318daa (webtiles) character file.

Game seed: 11548168066326896818

2648 Emberiza the Severer (level 9, -2/70 HPs)
             Began as a Minotaur Berserker on Dec 8, 2022.
             Was an Elder of Trog.
             Slain by a wyvern (3 damage)
             ... on level 7 of the Dungeon.
             The game lasted 00:10:44 (5279 turns).

Emberiza the Severer (Minotaur Berserker)           Turns: 5279, Time: 00:10:44

Health: -2/70      AC: 16    Str: 27    XL:     9   Next: 36%
Magic:  8/8        EV: 11    Int:  4    God:    Trog [****..]
Gold:   367        SH:  0    Dex:  9    Spells: 8/8 levels left

rFire   + . .      SeeInvis .    o - +5 scythe (venom)
rCold   . . .      Faith    .    (shield currently unavailable)
rNeg    . . .      Spirit   .    d - +1 plate armour {rF+}
rPois   .          Reflect  .    (helmet restricted)
rElec   .          Harm     .    (no cloak)
rCorr   .          Rampage  .    (no gloves)
Will    ++...                    (no boots)
Stlth   ..........               (no amulet)
HPRegen 1.31/turn                s - +4 ring of protection
MPRegen 0.11/turn                n - +4 ring of evasion

@: lethally poisoned (-2 -> -3), strong-willed, on berserk cooldown,
regenerating, slowed, very slow
A: horns 2, retaliatory headbutt
a: Renounce Religion, Berserk, Trog's Hand, Brothers in Arms


You were on level 7 of the Dungeon.
You worshipped Trog.
Trog was greatly pleased with you.
You visited 1 branch of the dungeon, and saw 7 of its levels.

You collected 367 gold pieces.

Inventory:

Hand Weapons
 a - a +0 hand axe of flaming
 o - a +5 scythe of venom (weapon)
Armour
 b - a +0 animal skin
 d - a +1 plate armour of fire resistance (worn)
Jewellery
 c - a ring of ice
 n - a +4 ring of evasion (right hand)
 s - a +4 ring of protection (left hand)
 A - a ring of protection from cold
 B - a ring of poison resistance
Wands
 t - a wand of iceblast (15)
 C - a wand of flame (7)
Scrolls
 e - 2 scrolls of poison
 f - 7 scrolls of identify
 k - 4 scrolls of teleportation
 m - a scroll of fog
 p - a scroll of noise {unknown}
 u - a scroll of amnesia {unknown}
 v - a scroll of vulnerability {unknown}
 y - a scroll of magic mapping {unknown}
 D - a scroll of fear {unknown}
Potions
 g - 3 potions of lignification {unknown}
 h - 2 potions of attraction {unknown}
 i - a potion of flight {unknown}
 j - a potion of magic {unknown}
 l - 5 potions of heal wounds {unknown}
 q - 6 potions of curing {unknown}
 r - a potion of brilliance {unknown}
 w - a potion of might {unknown}
 x - a potion of berserk rage {unknown}
 z - a potion of invisibility {unknown}
 E - a potion of mutation {unknown}


   Skills:
 - Level 3.6 Fighting
 + Level 15.3 Axes
 - Level 2.4 Armour
 - Level 2.1 Dodging


You had 8 spell levels left.
You didn't know any spells.
Your spell library was empty.

Dungeon Overview and Level Annotations

Branches:
Dungeon (7/15)             Temple (0/1) D:6

Altars:
Elyvilon
Hepliaklqana
Sif Muna
Uskayaw
Zin
The Shining One


Innate Abilities, Weirdness & Mutations

You have a pair of horns on your head.
You reflexively headbutt those who attack you in melee.


Message History

You are more poisoned.
The killer bee poisons you! The killer bee barely misses you.
You furiously retaliate!
You headbutt the killer bee.
You kill the killer bee!
Trog accepts your kill. The killer bee stings you.
* * * LOW HITPOINT WARNING * * *
You are more poisoned.
The killer bee poisons you!
You barely miss the killer bee. Your headbutt misses the killer bee.
You feel very sick. The killer bee closely misses you. You furiously retaliate!
You headbutt the killer bee! The killer bee barely misses you.
The killer bee closely misses you. You furiously retaliate!
You headbutt the killer bee!
You kill the killer bee!
Trog accepts your kill.
You are too injured to fight recklessly!
Your skin crawls.
You feel strong-willed.
You feel very sick.
The wyvern bites you but does no damage.
The wyvern bites you!
* * * LOW HITPOINT WARNING * * *
The wyvern bites you but does no damage.
You hit the wyvern.
The wyvern is poisoned.
The wyvern is moderately wounded.
You feel very sick.
The wyvern bites you but does no damage.
The wyvern barely misses you.
You closely miss the wyvern.
The wyvern is moderately wounded.
You feel sick. The wyvern closely misses you. The wyvern bites you.
* * * LOW HITPOINT WARNING * * *
You barely miss the wyvern. You headbutt the wyvern!
The wyvern is heavily wounded.
* * * LOW HITPOINT WARNING * * *
You feel sick. The wyvern closely misses you. You furiously retaliate!
You headbutt the wyvern. The wyvern bites you.
You die...

#.
......#####....#..P.#
..##......#......P....
.....#.##..P.§..§..
###.#.>.#...P..P§P..
..:........§...§§..
##.#.....#.P.P.....
#..#....P.........
##)†#.^....P.....
.###l@........(..
........#.##.######
...####..†# .# # #..##
.. #..# #.. ..... ...
...... ... .........
.......


You could see a wyvern (very poisoned).

Vanquished Creatures
  Sigmund (D:4)
  A wyvern (D:7)
  Edmund (D:5)
  3 water moccasins
  A black bear (D:7)
  2 sky beasts (D:7)
  A centaur (D:5)
  A phantom (D:6)
  A bullfrog (D:6)
  5 necrophages
  5 scorpions
  3 killer bees (D:7)
  4 hounds
  5 jellies
  An iguana (D:4)
  6 orc wizards
  7 gnolls (D:3)
  6 adders
  A river rat (D:4)
  A shadow imp (D:6)
  An ufetubus (D:6)
  5 dart slugs
  15 orcs
  7 ball pythons
  3 bats
  7 endoplasms
  3 giant cockroaches
  6 goblins
  6 hobgoblins
  4 jackals (D:2)
  14 kobolds
  6 quokkas
  2 frilled lizards
  8 rats
143 creatures vanquished.

Vanquished Creatures (others)
  2 plants (D:7)
2 creatures vanquished.

Grand Total: 145 creatures vanquished

Notes
Turn   | Place    | Note
-------+----------+-------------------------------------------
     0 | D:1      | Emberiza the Minotaur Berserker began the quest for the
                  | Orb.
     0 | D:1      | Reached XP level 1. HP: 19/19 MP: 0/0
    84 | D:1      | Reached skill level 4 in Axes
   129 | D:1      | Reached XP level 2. HP: 20/26 MP: 1/1
   382 | D:1      | Reached skill level 5 in Axes
   420 | D:1      | Reached ** piety under Trog
   496 | D:1      | Reached XP level 3. HP: 31/31 MP: 2/2
   703 | D:1      | Found a faded altar of an unknown god.
  1197 | D:2      | Reached XP level 4. HP: 39/39 MP: 3/3
  1463 | D:3      | Reached skill level 6 in Axes
  1884 | D:3      | Reached skill level 7 in Axes
  1884 | D:3      | Reached XP level 5. HP: 45/45 MP: 4/4
  1907 | D:3      | Noticed a +0 dagger
  1907 | D:3      | Noticed a +0 hand axe
  1908 | D:3      | Found a hide-covered altar of Uskayaw.
  1952 | D:3      | Found a shimmering blue altar of Sif Muna.
  2464 | D:4      | Noticed Sigmund
  2468 | D:4      | Killed Sigmund
  2469 | D:4      | Reached skill level 8 in Axes
  2469 | D:4      | Reached XP level 6. HP: 51/51 MP: 5/5
  2837 | D:4      | Reached skill level 9 in Axes
  2925 | D:4      | Reached *** piety under Trog
  3254 | D:4      | Reached XP level 7. HP: 57/57 MP: 6/6
  3331 | D:5      | Entered Level 5 of the Dungeon
  3354 | D:5      | Reached skill level 10 in Axes
  3619 | D:5      | Reached skill level 11 in Axes
  3713 | D:5      | Noticed Edmund
  3720 | D:5      | Killed Edmund
  3721 | D:5      | Reached XP level 8. HP: 58/64 MP: 7/7
  4302 | D:5      | Found a glowing silver altar of Zin.
  4307 | D:5      | Found a white marble altar of Elyvilon.
  4308 | D:5      | Found a glowing golden altar of the Shining One.
  4437 | D:6      | Reached skill level 12 in Axes
  4567 | D:6      | Reached skill level 13 in Axes
  4757 | D:6      | Found a staircase to the Ecumenical Temple.
  5046 | D:7      | Reached skill level 14 in Axes
  5117 | D:7      | Reached XP level 9. HP: 69/70 MP: 8/8
  5183 | D:7      | Reached **** piety under Trog
  5187 | D:7      | Found a hazy altar of Hepliaklqana.
  5187 | D:7      | Identified the +2 spear of Cheese {freeze, Dex+4}
  5248 | D:7      | Reached skill level 15 in Axes
  5278 | D:7      | HP: 1/70 [wyvern (3)]
  5279 | D:7      | Slain by a wyvern

Illustrated notes

Levels and vault maps discovered:
D:1:      tarquinn_simple_flora_water_c, layout_loops_ring,
          dreamdust_ecumenical_altar_statues, corexii_item_surrounded_by_moat
D:2:      layout_loops_ring
D:3:      layout_basic, dancing_weapons_uskayaw, mainiacjoe_overflow_paths
D:4:      minmay_angry_zag, layout_basic, portal_sewer_entry_a,
          nicolae_figureground_sparkle, uniq_sigmund
D:5:      layout_basic, good_gods_temple_1, corexii_checkpoint_b, uniq_edmund
D:6:      layout_rooms, minmay_temple_entry_stoned_glass, minmay_misc_feat_rows,
          hangedman_decor_opposing
D:7:      layout_rooms, nicolae_hepliaklqana_hazy_memory

Skill      XL: |  1  2  3  4  5  6  7  8  9 |
---------------+----------------------------+-----
Axes           | 4 5 7 8 9 11 14 15 | 15.3
Fighting       | |  3.6
Armour         | |  2.4
Dodging        | |  2.1

Action                   |  1- 3 |  4- 6 |  7- 9 || total
-------------------------+-------+-------+-------++-------
Melee: Hand axe          |   106 |    54 |       ||   160
       Headbutt          |     9 |     7 |    19 ||    35
       Punch             |     1 |       |       ||     1
       Halberd           |       |    25 |   139 ||   164
Invok: Berserk           |       |     3 |     2 ||     5
       Trog's Hand       |       |       |     1 ||     1
  Use: Scroll            |     4 |     4 |       ||     8
Armor: Plate armour      |    64 |    38 |    74 ||   176
Dodge: Dodged            |    34 |    29 |    55 ||   118

Table legend: (Time is in decaauts)
 A = Elapsed time spent in this place.
 B = Non-inter-level travel time spent in this place.
 C = Inter-level travel time spent in this place.
 D = Time resting spent in this place.
 E = Time spent auto-exploring this place.
 F = Levels seen in this place.
 G = Mean time per level.
                   A        B        C        D        E       F      G
               +--------+--------+--------+--------+--------+-----+--------+
         Total |   5349 |   5106 |    243 |    259 |   3917 |   7 |  764.1 |
       Dungeon |   5349 |   5106 |    243 |    259 |   3917 |   7 |  764.1 |
               +--------+--------+--------+--------+--------+-----+--------+

Top non-repeatable levels by time:
     D:5: 1092 daAuts
     D:4: 1074 daAuts
     D:3: 850 daAuts
     D:1: 799 daAuts
     D:2: 645 daAuts
     D:6: 524 daAuts
     D:7: 362 daAuts
